 Dungeon Crawl Stone Soup version 0.19.0-2-gae57169 (webtiles) character file.

183 Medar the Chiller (level 5, -2/31 HPs)
             Began as a High Elf Ice Elementalist on Nov 4, 2016.
             Slain by an ogre
             ... wielding a +0 giant spiked club
              (11 damage)
             ... on level 4 of the Dungeon.
             The game lasted 00:12:53 (3330 turns).

Medar the Chiller (High Elf Ice Elementalist)       Turns: 3330, Time: 00:12:54

Health: -2/31      AC:  9    Str:  7    XL:     5   Next: 35%
Magic:  5/9        EV: 13    Int: 20    God:
Gold:   79         SH:  0    Dex: 15    Spells: 3 memorised, 2 levels left

rFire  . . .     SeeInvis .     a - +2 dagger (protect)
rCold  . . .     Gourm    .     i - +0 robe
rNeg   . . .     Faith    .     (no shield)
rPois  .         Spirit   .     (no helmet)
rElec  .         Reflect  .     (no cloak)
rCorr  .         Harm     .     n - +0 pair of gloves
MR     .....                    (no boots)
Stlth  ++........               (no amulet)
                                (no ring)
                                (no ring)

@: lethally poisoned (-2 -> -3), icy armour, slow
A: no striking features
a: no special abilities


You were on level 4 of the Dungeon.
You were not hungry.

You visited 1 branch of the dungeon, and saw 4 of its levels.

You collected 79 gold pieces.

Inventory:

Hand Weapons
 a - a +2 dagger of protection (weapon)
 b - a +1 short sword of venom
 m - a +0 rapier
Missiles
 o - 17 poisoned needles
Armour
 i - a +0 robe (worn)
 n - a +0 pair of gloves (worn)
Scrolls
 e - a scroll of amnesia {unknown}
 h - 2 scrolls of identify {unknown}
 q - a scroll of magic mapping {unknown}
 t - a scroll of remove curse {unknown}
Potions
 d - a potion of lignification {unknown}
 g - a potion of mutation {unknown}
 j - a potion of heal wounds {unknown}
 l - a potion of cure mutation {unknown}
 p - a potion of curing {unknown}
Books
 k - a book of Frost

   Spells                             Type                      Level
   a - Freeze                         Ice                          1
   b - Throw Frost                    Conjuration/Ice              2
   c - Ozocubu's Armour               Charms/Ice                   3
   d - Throw Icicle                   Conjuration/Ice              4
   e - Summon Ice Beast               Ice/Summoning                4
Comestibles
 c - a bread ration {@e1}
 f - 2 beef jerkies
 s - a meat ration {@e2}


   Skills:
 - Level 2.1 Dodging
 - Level 2.1 Stealth
 - Level 2.4 Spellcasting
 + Level 2.8 Conjurations
 - Level 3.6 Charms
 + Level 4.4 Ice Magic


You had 2 spell levels left.
You knew the following spells:

 Your Spells              Type           Power        Failure   Level  Hunger
c - Throw Frost           Conj/Ice       ###...       6%          2    ##.....
s - Ozocubu's Armour      Chrm/Ice       ###.....     10%         3    ###....
x - Freeze                Ice            ###.         2%          1    #......


Dungeon Overview and Level Annotations

Branches:
Dungeon (4/15)
 Temple: D:4-7

Altars:

Annotations:
D:3 barbarian's ghost, amateur MiFi
D:4 Blork the orc; Duvessa


Message History

You feel sick.
You feel sick.
You feel sick.
Blork the orc grins evilly.
You feel sick.
There is a stone staircase leading down here.
You feel sick.
You feel sick. The ogre closely misses you.
You found a shaft!
You feel sick.
You feel sick.
You feel sick.
Blork the orc mumbles some strange words.
Blork the orc flickers and vanishes!
Deactivating autopickup; reactivate with Ctrl-A.
You feel sick.
Your magical contamination has completely faded away.
You feel sick.
The ogre hits you with a giant spiked club!
You die...

#.# #.#.###.#...#
.. ...#.....#.###
#.#####..####.#
#........####.#
#..###........#
#............##
..##...O.....##.#
....[..@........#
+#####..#..########
#..#.........#
#..##.######.#
#<.##.#
#..##.######.#
##.##........#
#..#.########


You could see an ogre.

Vanquished Creatures
  An orc wizard (D:3)
  8 adders
  An ooze (D:2)
  3 worms (D:2)
  A dart slug (D:2)
  3 leopard geckos
  6 orcs
  3 giant cockroaches
  11 goblins
  6 hobgoblins
  4 jackals (D:2)
  7 kobolds
  5 bats
  2 frilled lizards (D:4)
  A quokka skeleton (D:4)
  4 rats
66 creatures vanquished.

Notes
Turn   | Place    | Note
-------+----------+-------------------------------------------
     0 | D:1      | Medar the High Elf Ice Elementalist began the quest for the Orb.
     0 | D:1      | Reached XP level 1. HP: 11/11 MP: 4/4
   314 | D:1      | Reached XP level 2. HP: 17/17 MP: 1/6
   318 | D:1      | Learned a level 2 spell: Throw Frost
   859 | D:2      | Reached XP level 3. HP: 21/21 MP: 3/7
   958 | D:2      | Reached skill level 4 in Ice Magic
  1450 | D:2      | Reached XP level 4. HP: 16/27 MP: 2/8
  1766 | D:2      | Learned a level 3 spell: Ozocubu's Armour
  1885 | D:2      | Reached skill level 1 in Charms
  2065 | D:3      | Reached XP level 5. HP: 21/31 MP: 4/9
  2206 | D:3      | Noticed barbarian's ghost (amateur MiFi)
  2600 | D:4      | Noticed a phantom
  3043 | D:4      | Noticed Blork the orc
  3044 | D:4      | Noticed Duvessa
  3307 | D:4      | Noticed an ogre
  3330 | D:4      | Slain by an ogre

Skill      XL: |  1  2  3  4  5 |
---------------+----------------+-----
Conjurations   | 2 |  2.8
Ice Magic      | 4 |  4.4
Charms         | 2 3 |  3.6
Dodging        | |  2.1
Stealth        | |  2.1
Spellcasting   | |  2.4

Action                   |  1- 3 |  4- 6 || total
-------------------------+-------+-------++-------
Melee: Dagger            |     1 |     8 ||     9
 Cast: Freeze            |    64 |    62 ||   126
       Throw Frost       |       |     2 ||     2
       Ozocubu's Armour  |       |     1 ||     1
 Stab: Sleeping          |     1 |       ||     1
  Eat: Chunk             |     1 |     7 ||     8
Armor: Robe              |     8 |    10 ||    18
Dodge: Dodged            |    48 |    38 ||    86
